 Dungeon Crawl Stone Soup version 0.30-a0-883-g5ad918d77d (webtiles) character file.

Game seed: 5724596056419920443

11498 Axe the Carver (level 11, -1/81 (89) HPs)
             Began as a Barachi Fighter on Mar 16, 2023.
             Was a Priest of Nemelex Xobeh.
             Killed from afar by Nergalle (44 damage)
             ... with a bolt of negative energy
             ... on level 11 of the Dungeon on Mar 17, 2023.
             The game lasted 00:26:42 (10248 turns).

Axe the Carver (Barachi Fighter)                   Turns: 10248, Time: 00:26:43

HP:   -1/81 (89)    AC: 11    Str: 24    XL:     11   Next: 78%
MP:   14/14         EV: 15    Int:  9    God:    Nemelex Xobeh [***...]
Gold: 558           SH: 10    Dex: 15    Spells: 8/10 levels left

rFire   . . .      SeeInvis .    a - +0 long sword (flame)
rCold   . . .      Faith    .    c - +0 buckler
rNeg    . . .      Spirit   .    o - +0 plate armour
rPois   .          Reflect  +    (no helmet)
rElec   .          Rampage  .    (no cloak)
rCorr   .                        z - +0 pair of gloves
Will    .....                    (no boots) Stlth
                                 p - amulet of reflection
HPRegen 0.33/turn                g - +5 ring of evasion
MPRegen 0.14/turn                B - +6 ring of strength

@: corroded, drained, slow
A: amphibious, slowness 1, strong legs 1, +LOS
a: Hop, Renounce Religion, Draw Escape, Draw Destruction, Draw Summoning, Triple
Draw


You were on level 11 of the Dungeon.
You worshipped Nemelex Xobeh.
Nemelex Xobeh was most pleased with you.
You visited 1 branch of the dungeon, and saw 11 of its levels.
You also visited: Sewer and Ossuary.

You collected 558 gold pieces.

Inventory:

Hand Weapons
 a - a +0 long sword of flaming (weapon)
Missiles
 G - 2 throwing nets
Armour
 c - a +0 buckler (worn)
 o - a +0 plate armour (worn)
 z - a +0 pair of gloves (worn)
Jewellery
 g - a +5 ring of evasion (left hand)
 h - a ring of willpower
 i - a ring of positive energy
 p - an amulet of reflection (around neck)
 s - a ring of protection from cold
 u - an amulet of magic regeneration
 B - a +6 ring of strength (right hand)
 H - a +6 ring of dexterity
 Q - a +6 ring of intelligence
Wands
 t - a wand of quicksilver (9)
 L - a wand of flame (8)
 N - a wand of polymorph (4)
 P - a wand of paralysis (5)
Scrolls
 e - 14 scrolls of identify
 k - 2 scrolls of blinking
 l - 8 scrolls of teleportation
 r - a scroll of fog
 v - a scroll of torment {unknown}
 x - a scroll of enchant weapon {unknown}
 y - a scroll of noise {unknown}
 I - a scroll of magic mapping
 J - a scroll of butterflies {unknown}
 O - a scroll of amnesia
Potions
 b - 5 potions of curing
 d - 2 potions of mutation {unknown}
 f - 4 potions of lignification {unknown}
 j - a potion of experience {unknown}
 m - 4 potions of brilliance
 n - 3 potions of degeneration {unknown}
 q - a potion of flight {unknown}
 w - 4 potions of heal wounds {unknown}
 A - a potion of invisibility {unknown}
 C - 2 potions of attraction {unknown}
 D - a potion of might
 E - a potion of resistance {unknown}
 F - a potion of magic {unknown}
 K - 2 potions of berserk rage {unknown}
 M - a potion of ambrosia {unknown}


   Skills:
 + Level 9.1 Fighting
 * Level 11.8 Long Blades
 + Level 8.9 Armour
 + Level 7.5 Dodging
 - Level 5.0 Shields
 - Level 5.5 Conjurations
 + Level 5.0 Invocations
 - Level 6.1 Evocations


You had 8 spell levels left.
You knew the following spells:

 Your Spells              Type           Power      Damage    Failure   Level
a - Momentum Strike       Conj/Tloc      8%         3d8       97%         2

Your spell library contained the following spells:

 Spells                   Type           Power      Damage    Failure   Level
 Beastly Appendage        Tmut           0%         N/A       99%         1
 Sandblast                Erth           0%         2d4       99%         1
 Slow                     Hex            0%         N/A       99%         1
 Dazzling Flash           Conj/Hex       8%         N/A       99%         3
 Stone Arrow              Conj/Erth      8%         3d7       99%         3
 Blink                    Tloc           0%         N/A       100%        2
 Ensorcelled Hibernation  Hex/Ice        0%         N/A       100%        2
 Lesser Beckoning         Tloc           0%         N/A       100%        2
 Passwall                 Tmut/Erth      0%         N/A       100%        2
 Sublimation of Blood     Necr           0%         N/A       100%        2
 Wereblood                Tmut           0%         N/A       100%        2
 Confusing Touch          Hex            0%         N/A       100%        3
 Ignite Poison            Fire/Tmut/Pois 0%         N/A       100%        3
 Kindle Blastsparks       Fire/Tloc/Air  0%         2d10      100%        3
 Spider Form              Tmut/Pois      0%         N/A       100%        3
 Swiftness                Air            0%         N/A       100%        3
 Tukima's Dance           Hex            0%         N/A       100%        3
 Vampiric Draining        Necr           0%         2d6       100%        3
 Cause Fear               Hex            0%         N/A       100%        4
 Passage of Golubria      Tloc           0%         N/A       100%        4
 Summon Ice Beast         Ice/Summ       0%         N/A       100%        4
 Agony                    Necr           0%         N/A       100%        5
 Fireball                 Conj/Fire      2%         3d4       100%        5
 Freezing Cloud           Conj/Ice/Air   1%         6-21      100%        5
 Iskenderun's Battlesphe  Conj           9%         2d6       100%        5
 Silence                  Hex/Air        0%         N/A       100%        5
 Summon Forest            Summ/Tloc      0%         N/A       100%        5
 Summon Mana Viper        Hex/Summ       0%         N/A       100%        5
 Yara's Violent Unravell  Hex/Tmut       0%         3d3       100%        5
 Conjure Ball Lightning   Conj/Air       2%         3x3d6     100%        6
 Summon Cactus Giant      Summ           0%         N/A       100%        6
 Dragon Form              Tmut           0%         N/A       100%        7
 Monstrous Menagerie      Summ           0%         N/A       100%        7
 Orb of Destruction       Conj           4%         9d5       100%        7
 Summon Hydra             Summ           0%         N/A       100%        7
 Dragon's Call            Summ           0%         N/A       100%        9


Dungeon Overview and Level Annotations

Branches:
Dungeon (11/15)            Temple (0/1) D:6            Lair (0/5) D:11
  Sewer (visited)         Ossuary (visited)
    Orc: D:9-12

Altars:
Cheibriados
Elyvilon
Hepliaklqana
Kikubaaqudgha
Makhleb
Nemelex Xobeh
Qazlal
Vehumet
Xom
Yredelemnul
Zin
The Shining One

Annotations:
D:7 3 runed translucent doors, holysushi's ghost, novice OpMo
D:11 Nergalle


Innate Abilities, Weirdness & Mutations

You are amphibious.
You cover ground slowly.
You can hop short distances.
You have an extended range of vision and can be seen from far away.


Message History

Nergalle casts a spell at you. The bolt of negative energy hits you!
You feel drained.
You draw a card...
You have drawn the Dance.
An acid dragon comes into view.
Nergalle hits you but does no damage.
The acid dragon roars!
You hit Nergalle. You burn Nergalle.
Nergalle is lightly wounded.
You block Nergalle's attack.
You closely miss Nergalle.
Nergalle is lightly wounded.
Nergalle hits you but does no damage.
You hit Nergalle but do no damage.
Nergalle is lightly wounded.
The acid dragon spits acid at you. The splash of acid hits you!
The acid corrodes you! You block Nergalle's attack.
Your -1 hand axe "Jiuntigu" {flame, rN+ Will- MP+9} hits Nergalle.
Your -1 hand axe "Jiuntigu" {flame, rN+ Will- MP+9} burns Nergalle.
You hear a bellow!
You closely miss Nergalle.
Nergalle is lightly wounded.
You draw a card...
You have drawn Pain.
Press: ? - help, Shift-Dir - straight line, f - Nergalle
Aim: Nergalle, wielding a +0 dagger and wearing a +2 robe of positive energy (lightly wounded, ally target) Nergalle convulses!
You block Nergalle's attack.
Your -1 hand axe "Jiuntigu" {flame, rN+ Will- MP+9} hits Nergalle but does no damage.
You draw a card...
You have drawn Pain.
Press: ? - help, Shift-Dir - straight line, f/p - Nergalle
Aim: Nergalle, wielding a +0 dagger and wearing a +2 robe of positive energy (heavily wounded, ally target)
The bolt of negative energy hits Nergalle!
Nergalle resists.
Nergalle is drained!
Nergalle is severely wounded.
Nergalle gestures at you while chanting.
The bolt of negative energy hits you!!!
You feel drained.
Ouch! That really hurt!
You die...
Your body disappears without a glow.

#≈≈≈≈≈≈≈≈≈ ####≈≈≈≈≈≈≈≈≈
≈≈≈≈≈≈≈≈≈≈≈≈ ...........#
..........# ....D.....#
........### +#
#######.o....###### ...
........@(....#...# ....
#######.......#...#+#....
##.....#..........
#######..)...##. .
##.....##... #...........
#..<........ #...........
#...........


You could see Nergalle (drained, ally target), an acid dragon and a friendly -1
hand axe "Jiuntigu" {flame, rN+ Will- MP+9} (summoned).

Vanquished Creatures
  Erolcha (D:10)
  2 two-headed ogres (D:10)
  A komodo dragon (D:10)
  A yaktaur (D:11)
  A troll (D:10)
  Grinder (D:3)
  A hornet (D:10)
  A wraith (Ossuary)
  3 wyverns
  2 steam dragons
  4 yaks
  An acid dragon (D:9)
  A water moccasin (D:9)
  3 orc warriors
  2 sky beasts (D:7)
  2 black bears
  3 ogres
  2 centaurs (D:10)
  2 phantoms
  An elf zombie (Ossuary)
  4 bullfrogs
  6 scorpions
  6 wights (D:6)
  5 killer bees (D:8)
  A howler monkey (D:4)
  3 hounds
  2 jellies (D:6)
  An orc priest (D:7)
  3 iguanas
  11 orc wizards
  A sleepcap (D:5)
  A hell rat (Sewer)
  3 mummies (Ossuary)
  5 adders
  3 river rats (Sewer)
  An ufetubus (D:6)
  A dart slug (D:4)
  29 orcs
  5 bats
  7 endoplasms
  8 giant cockroaches
  9 goblins
  8 hobgoblins
  4 jackals
  5 quokkas
  9 ball pythons
  3 frilled lizards
  A goblin zombie (Ossuary)
  A hobgoblin zombie (Ossuary)
  4 kobolds
  2 kobold zombies (Ossuary)
  An orc zombie (Ossuary)
  A quokka zombie (D:8)
  10 rats
  A rat zombie (D:8)
200 creatures vanquished.

Vanquished Creatures (collateral kills)
  Snorg (D:10)
  An unseen horror (D:9)
  A meliai (D:9)
  A hornet (D:9)
  A raiju (D:9)
  11 yaks (D:9)
  A wraith (D:9)
  A basilisk (D:9)
  An acid dragon (D:11)
  An orc warrior (D:10)
  2 centaurs
  A howler monkey (D:9)
  An orc (D:10)
24 creatures vanquished.

Vanquished Creatures (others)
  2 plants (D:7)
2 creatures vanquished.

Grand Total: 226 creatures vanquished

Notes
Turn   | Place    | Note
-------+----------+-------------------------------------------
     0 | D:1      | Axe the Barachi Fighter began the quest for the Orb.
     0 | D:1      | Reached XP level 1. HP: 18/18 MP: 1/1
   182 | D:1      | Reached XP level 2. HP: 21/25 MP: 2/2
   438 | D:1      | Reached skill level 3 in Long Blades
   598 | D:1      | Reached XP level 3. HP: 30/30 MP: 3/3
   652 | D:1      | Reached skill level 1 in Dodging
   848 | D:2      | Learned a level 2 spell: Momentum Strike
  1271 | D:2      | Noticed a great orb of eyes
  1278 | D:2      | Noticed a golden eye
  1281 | D:2      | Found a faded altar of an unknown god.
  1281 | D:2      | Noticed an eye of devastation
  1282 | D:2      | Noticed a shining eye
  1629 | D:3      | Reached XP level 4. HP: 16/37 MP: 4/4
  1911 | D:3      | Noticed Grinder
  1925 | D:3      | Paralysed by Grinder for 4 turns
  1934 | D:3      | Killed Grinder
  1935 | D:3      | Reached skill level 4 in Long Blades
  1935 | D:3      | Reached XP level 5. HP: 31/43 MP: 5/5
  1935 | D:3      | Reached XP level 6. HP: 35/49 MP: 6/6
  1990 | D:3      | Found a glowing golden altar of the Shining One.
  2081 | D:3      | You fall into a shaft and drop 1 floor!
  2502 | D:4      | Found a burning altar of Makhleb.
  2538 | D:4      | Found a glowing drain.
  2586 | Sewer    | Entered a sewer
  2627 | Sewer    | Reached skill level 5 in Long Blades
  2843 | D:4      | Reached skill level 5 in Fighting
  2971 | D:4      | Reached skill level 5 in Armour
  2971 | D:4      | Reached XP level 7. HP: 54/56 MP: 7/7
  3261 | D:5      | Entered Level 5 of the Dungeon
  3338 | D:5      | Reached skill level 6 in Long Blades
  3411 | D:5      | Found a sparkling altar of Nemelex Xobeh.
  3651 | D:5      | Reached skill level 5 in Shields
  3651 | D:5      | Reached XP level 8. HP: 56/63 MP: 8/8
  3659 | D:5      | Found a glowing silver altar of Zin.
  3664 | D:5      | Found a shimmering altar of Xom.
  3664 | D:5      | Found an ancient bone altar of Kikubaaqudgha.
  3671 | D:5      | Found a white marble altar of Elyvilon.
  3688 | D:5      | Became a worshipper of Nemelex Xobeh the Trickster
  4102 | D:5      | Reached skill level 1 in Evocations
  4598 | D:6      | Reached skill level 7 in Long Blades
  4598 | D:6      | Reached skill level 1 in Invocations
  4744 | D:6      | Found a staircase to the Ecumenical Temple.
  4778 | D:6      | Found a radiant altar of Vehumet.
  5010 | D:6      | Reached XP level 9. HP: 70/71 MP: 10/10
  5176 | D:6      | Reached skill level 1 in Conjurations
  5382 | D:6      | Reached skill level 8 in Long Blades
  5577 | D:6      | Reached skill level 5 in Dodging
  5710 | D:7      | Reached * piety under Nemelex Xobeh
  5920 | D:7      | Received a gift from Nemelex Xobeh
  5986 | D:7      | Found a runed translucent gate.
  5987 | D:7      | Found a runed translucent gate.
  5988 | D:7      | Found a runed translucent gate.
  5989 | D:7      | Noticed holysushi's ghost (novice OpMo)
  6031 | D:7      | Found a basalt altar of Yredelemnul.
  6544 | D:8      | Found a sand-covered staircase.
  6551 | Ossuary  | Entered an ossuary
  6807 | Ossuary  | Reached skill level 9 in Long Blades
  7352 | D:8      | Reached XP level 10. HP: 71/79 MP: 12/12
  7371 | D:8      | Found a stormy altar of Qazlal.
  7393 | D:8      | Reached ** piety under Nemelex Xobeh
  8059 | D:9      | Received a gift from Nemelex Xobeh
  8115 | D:9      | Killed an unseen horror
  8121 | D:9      | Reached skill level 10 in Long Blades
  8222 | D:9      | Reached skill level 5 in Evocations
  8238 | D:9      | Reached XP level 11. HP: 64/86 MP: 14/14
  8581 | D:9      | Found a snail-covered altar of Cheibriados.
  8632 | D:10     | Entered Level 10 of the Dungeon
  8635 | D:10     | Reached *** piety under Nemelex Xobeh
  8635 | D:10     | Received a gift from Nemelex Xobeh
  8708 | D:10     | Noticed a two-headed ogre
  8711 | D:10     | Killed a two-headed ogre
  8712 | D:10     | Reached skill level 11 in Long Blades
  8734 | D:10     | Noticed Snorg
  8773 | D:10     | Killed Snorg
  8774 | D:10     | Reached skill level 5 in Conjurations
  8894 | D:10     | Noticed Erolcha
  8898 | D:10     | Killed Erolcha
  9232 | D:10     | Received a gift from Nemelex Xobeh
  9455 | D:10     | Found a hazy altar of Hepliaklqana.
  9478 | D:10     | Noticed a two-headed ogre
  9484 | D:10     | Killed a two-headed ogre
 10005 | D:11     | Found a staircase to the Lair.
 10005 | D:11     | Noticed a death yak
 10005 | D:11     | Noticed a cyclops
 10005 | D:11     | Noticed a boulder beetle
 10027 | D:10     | Reached skill level 5 in Invocations
 10235 | D:11     | Noticed Nergalle
 10242 | D:11     | Identified the -1 hand axe "Jiuntigu" {flame, rN+ Will-
                  | MP+9}
 10248 | D:11     | Killed from afar by Nergalle

Illustrated notes

Levels and vault maps discovered:
D:1:      dpeg_arrival_tiny_a, layout_loops_ring, corexii_leaking_fountain,
          dk_noncrumbling_4
D:2:      layout_loops_ring, hellmonk_ecumenical_altar_watching_god,
          item_on_display_a
D:3:      layout_loops_ring, mainiacjoe_overflow_alcove_4,
          minmay_shallow_snake_nest, uniq_grinder
D:4:      layout_loops_cross, lemuel_tele_altar, portal_sewer_entry_f,
          kennysheep_generic_room_2
D:5:      layout_loops_ring, nicolae_overflow_hallway_of_the_gods
D:6:      layout_basic, mainiacjoe_overflow_brackets, temple_fountains
D:7:      layout_rooms, mainiacjoe_overflow_boulevard,
          ebering_ghost_rock_garden, palyth_stone_intersect, grunt_ministairs_5
D:8:      layout_basic, nicolae_qazlal_general_emergency, enter_ossuary_4,
          nicolae_eternal_life
D:9:      layout_cave_pools, lemuel_coloured_pillars_altar
D:10:     layout_basic, mainiacjoe_overflow_cross_hatched,
          nicolae_kite_square_tiling_tiny, minmay_starry_boxes, uniq_erolcha,
          uniq_snorg
D:11:     lemuel_troll_bridge, layout_gridville, david_lair_generic,
          david_orc_3, serial_shops, nicolae_shop_hallway_stairs,
          biasface_ghost_orc_armoury, minmay_holes, minivault_8, uniq_nergalle

Skill      XL: |  1  2  3  4  5  6  7  8  9 10 11 |
---------------+----------------------------------+-----
Long Blades    | 3 4 5 6 7 9 10 11 | 11.8
Dodging        | 1 2 3 4 5 6 7 |  7.5
Fighting       | 4 5 6 7 8 9 |  9.1
Armour         | 4 5 6 7 8 |  8.9
Shields        | 4 5 |  5.0
Evocations     | 2 3 5 6 |  6.1
Invocations    | 1 3 4 5 |  5.0
Conjurations   | 3 4 5 |  5.5

Action                     |  1- 3 |  4- 6 |  7- 9 | 10-12 || total
---------------------------+-------+-------+-------+-------++-------
  Melee: Long sword        |   159 |   135 |   433 |   221 ||   948
 Invoke: Draw Destruction  |       |       |       |    16 ||    16
         Draw Summoning    |       |       |       |     8 ||     8
Ability: Hop               |     1 |       |       |     2 ||     3
  Evoke: Wand              |       |     9 |    20 |     1 ||    30
    Use: Potion            |       |     3 |     2 |       ||     5
         Scroll            |       |       |    10 |       ||    10
 Armour: Scale mail        |    17 |       |       |       ||    17
         Ring mail         |    52 |    40 |    35 |       ||   127
         Plate armour      |       |       |    84 |    55 ||   139
  Dodge: Dodged            |    75 |    79 |   172 |    90 ||   416
  Block: Buckler           |    69 |    81 |   223 |   103 ||   476
         Reflection        |       |     2 |     4 |    10 ||    16

Table legend: (Time is in decaauts)
 A = Elapsed time spent in this place.
 B = Non-inter-level travel time spent in this place.
 C = Inter-level travel time spent in this place.
 D = Time resting spent in this place.
 E = Time spent auto-exploring this place.
 F = Levels seen in this place.
 G = Mean time per level.
                   A        B        C        D        E       F      G
               +--------+--------+--------+--------+--------+-----+--------+
         Total |  11749 |  11141 |    608 |   1906 |   6596 |  13 |  903.8 |
       Dungeon |  11056 |  10448 |    608 |   1805 |   6268 |  11 | 1005.1 |
         Sewer |    139 |    139 |      0 |     21 |      0 |   1 |  139.0 |
       Ossuary |    554 |    554 |      0 |     79 |    328 |   1 |  554.0 |
               +--------+--------+--------+--------+--------+-----+--------+

Top non-repeatable levels by time:
    D:10: 1723 daAuts
     D:6: 1456 daAuts
     D:8: 1346 daAuts
     D:5: 1267 daAuts
     D:4: 1003 daAuts
     D:1: 968 daAuts
     D:2: 913 daAuts
     D:3: 849 daAuts
     D:7: 799 daAuts
     D:9: 671 daAuts
 Ossuary: 554 daAuts
   Sewer: 139 daAuts
    D:11: 55 daAuts
